 Dungeon Crawl Stone Soup version 0.28-a0-1624-g820543e53a (webtiles) character file.

Game seed: 3735778500422292864

1451 bande the Chopper (level 8, 0/49 HPs)
             Began as a Gargoyle Fighter on Jan 24, 2022.
             Was an Initiate of Okawaru.
             Slain by a troll (4 damage)
             ... on level 6 of the Dungeon.
             The game lasted 00:15:46 (8946 turns).

bande the Chopper (Gargoyle Fighter)                Turns: 8946, Time: 00:15:47

Health: 0/49       AC: 17    Str: 19    XL:     8   Next: 75%
Magic:  8/8        EV:  9    Int: 16    God:    Okawaru [......]
Gold:   88         SH:  5    Dex: 11    Spells: 7/7 levels left

rFire   . . .      SeeInvis +   t - +1 war axe (venom)
rCold   . . .      Faith    .   c - +0 buckler
rNeg    + . .      Spirit   .   i - +2 scale mail {rPois}
rPois   ∞          Reflect  .   (no helmet)
rElec   +          Harm     .   (no cloak)
rCorr   .          Rampage  .   k - +1 pair of gloves
Will    .....                   (no boots)
Stlth   ..........              (no amulet)
HPRegen 0.16/turn               m - +6 ring of intelligence
MPRegen 0.11/turn               o - ring of see invisible

@: no status effects
A: sickness immunity, AC +5, negative energy resistance 1, electricity
resistance, torment resistance 1, petrification resistance
a: Renounce Religion


You were on level 6 of the Dungeon.
You worshipped Okawaru.
Okawaru was noncommittal.
You visited 2 branches of the dungeon, and saw 7 of its levels.
You also visited: Ossuary.

You collected 222 gold pieces.
You spent 134 gold pieces at shops.

Inventory:

Hand Weapons
 a - a +1 war axe
 h - a +0 morningstar
 t - a +1 war axe of venom (weapon)
Armour
 c - a +0 buckler (worn)
 i - a +2 scale mail of poison resistance (worn)
 k - a +1 pair of gloves (worn)
Jewellery
 m - a +6 ring of intelligence (left hand)
 o - a ring of see invisible (right hand)
 p - an amulet of the acrobat
 q - a +6 ring of dexterity
Wands
 b - a wand of polymorph (2)
Scrolls
 e - 2 scrolls of silence
 l - 5 scrolls of teleportation
 r - 4 scrolls of enchant armour
Potions
 d - 4 potions of might
 f - a potion of cancellation
 g - a potion of ambrosia
 j - 2 potions of brilliance
 n - a potion of magic
 s - 2 potions of flight
 u - 2 potions of curing
 v - a potion of mutation {unknown}
 w - a potion of invisibility {unknown}
 x - a potion of heal wounds {unknown}


   Skills:
 + Level 5.3 Fighting
 + Level 6.7 Axes
 + Level 5.7 Armour
 - Level 0.4 Stealth
 + Level 4.6 Shields
 * Level 0.9 Invocations
 * Level 3.2 Evocations


You had 7 spell levels left.
You didn't know any spells.
Your spell library contained the following spells:

 Spells                   Type           Power      Damage    Failure   Level
 Magic Dart               Conj           0%         1d3       65%         1
 Mephitic Cloud           Conj/Pois/Air  0%         N/A       95%         3
 Summon Small Mammal      Summ           Unusable   N/A       N/A         1
 Call Imp                 Summ           Unusable   N/A       N/A         2
 Call Canine Familiar     Summ           Unusable   N/A       N/A         3
 Summon Guardian Golem    Hex/Summ       Unusable   N/A       N/A         3

Dungeon Overview and Level Annotations

Branches:
Dungeon (6/15)             Temple (1/1) D:6         Ossuary (visited)

Altars:
Cheibriados
Elyvilon
Kikubaaqudgha
Makhleb
Okawaru
Ru
Sif Muna
Trog
Uskayaw
Vehumet
Xom
Yredelemnul
The Shining One

Shops:
D:5 *   D:6 [


Innate Abilities, Weirdness & Mutations

You are immune to sickness and miasma.
Your stone body is resilient. (AC +5)
You are immune to poison.
You resist negative energy. (rN+)
You are resistant to electric shocks. (rElec)
You are resistant to unholy torment.
You are immune to petrification.


Message History

The killer bee zombie completely misses you.
The killer bee zombie closely misses you.
You barely miss the killer bee zombie.
The killer bee zombie completely misses you.
You block the killer bee zombie's attack.
You barely miss the killer bee zombie.
The killer bee zombie barely misses you. x2
You hit the killer bee zombie but do no damage.
The killer bee zombie hits you but does no damage.
The killer bee zombie hits you.
You closely miss the killer bee zombie.
The killer bee zombie completely misses you.
The killer bee zombie barely misses you.
You slash the killer bee zombie!
The killer bee zombie is moderately damaged.
The killer bee zombie closely misses you.
You slash the troll!
The troll is poisoned.
The troll is moderately wounded.
You hit the troll but do no damage.
The troll is moderately wounded.
The troll bites you. The troll misses you.
The troll claws you but does no damage. The troll bites you but does no damage.
The troll claws you but does no damage. The troll claws you!
You barely miss the troll.
The troll is heavily wounded.
The troll bites you. The troll claws you but does no damage.
The troll claws you.
You closely miss the troll.
The troll is heavily wounded.
You block the troll's attack. The troll claws you. x2
* * * LOW HITPOINT WARNING * * *
You slash the troll!
The troll looks as sick as possible!
The troll is severely wounded.
The troll bites you!
* * * LOW HITPOINT WARNING * * *
You block the troll's attack. The troll closely misses you.
You barely miss the troll.
The troll is severely wounded.
The troll bites you.
You die...

###.##.#.#T#.#.#.#.#.#.#.#.#.#.#.
....##.##.#.#[#.#.#.#.#.#.#.#.#.#
######.#.#.#S#.#.#.#.#.#.#.#.#.#.
######.##.#.#.#.#.#.#.#.#.#.#.#.#
.........#.#.#.#.#.#.#.#.#.#.#.#.
######.##.#.#.#.#.#.#.#.#.#.#.#.#
.........#.#.#.#Z#.#.#.#.#.#.#.#.
######.#######.#T#.##############
#.# #.#@#.# #.#######.#.#.#
#...........#.# #########.#(#.#
#.###.# #.. ..#


You could see a troll (extremely poisoned) and a killer bee zombie.

Vanquished Creatures
  Grinder (D:6)
  Menkaure (Ossuary)
  2 water moccasins (D:5)
  A black bear (D:5)
  A necrophage (D:5)
  An ogre (D:3)
  An elf skeleton (D:4)
  4 hounds
  An orc priest (D:6)
  2 jellies
  3 iguanas
  Terence (D:2)
  2 human skeletons (D:4)
  3 mummies (Ossuary)
  6 adders
  A white imp (D:5)
  An ufetubus (D:6)
  An adder skeleton (D:4)
  6 dart slugs
  9 orcs
  7 ball pythons
  6 endoplasms
  4 giant cockroaches
  10 goblins
  3 hobgoblins
  4 jackals (D:3)
  2 quokkas
  8 bats
  6 frilled lizards
  3 gnoll skeletons (Ossuary)
  3 gnoll zombies (Ossuary)
  6 goblin skeletons (Ossuary)
  4 goblin zombies (Ossuary)
  4 hobgoblin skeletons (Ossuary)
  5 hobgoblin zombies (Ossuary)
  10 kobolds
  6 kobold skeletons (Ossuary)
  5 kobold zombies (Ossuary)
  5 orc skeletons
  5 orc zombies
  3 rats
  2 rat skeletons (Ossuary)
  5 rat zombies (Ossuary)
164 creatures vanquished.

Vanquished Creatures (others)
  A human (D:4)
1 creature vanquished.

Grand Total: 165 creatures vanquished

Notes
Turn   | Place    | Note
-------+----------+-------------------------------------------
     0 | D:1      | bande the Gargoyle Fighter began the quest for the Orb.
     0 | D:1      | Reached XP level 1. HP: 14/14 MP: 1/1
   188 | D:1      | Reached XP level 2. HP: 16/19 MP: 2/2
   680 | D:1      | Reached skill level 2 in Axes
   789 | D:1      | Reached XP level 3. HP: 21/24 MP: 3/3
  1269 | D:2      | Found a shimmering altar of Xom.
  1289 | D:2      | Found a faded altar of an unknown god.
  1321 | D:2      | Noticed Terence
  1333 | D:2      | Killed Terence
  1334 | D:2      | Reached XP level 4. HP: 6/29 MP: 4/4
  1917 | D:2      | Identified the +1 leather armour of Wrong Decisions {Str+10
                  | Stlth+}
  2557 | D:3      | Reached skill level 3 in Axes
  2790 | D:3      | Noticed an ogre
  2797 | D:3      | HP: 1/29 [ogre (4)]
  2799 | D:3      | Killed an ogre
  2800 | D:3      | Reached XP level 5. HP: 2/33 MP: 5/5
  4349 | D:4      | Reached XP level 6. HP: 22/38 MP: 6/6
  4534 | D:4      | Found an ancient bone altar of Kikubaaqudgha.
  4535 | D:4      | Noticed a human
  4537 | D:4      | Killed a human
  4756 | D:4      | You fall into a shaft and drop 1 floor!
  4756 | D:5      | Entered Level 5 of the Dungeon
  4875 | D:4      | Found a sand-covered staircase.
  4882 | Ossuary  | Entered an ossuary
  5167 | Ossuary  | Noticed Menkaure
  5178 | Ossuary  | Killed Menkaure
  5179 | Ossuary  | Reached skill level 4 in Axes
  5179 | Ossuary  | Reached skill level 1 in Evocations
  5670 | Ossuary  | Reached XP level 7. HP: 44/44 MP: 7/7
  5742 | D:4      | Reached skill level 5 in Axes
  6283 | D:5      | Reached skill level 5 in Armour
  6523 | D:5      | Found Hela's Serpentskin Sales.
  6537 | D:5      | Reached XP level 8. HP: 28/48 MP: 8/8
  6551 | D:5      | Reached skill level 6 in Axes
  6978 | D:5      | Bought a +1 war axe of venom for 134 gold pieces
  7126 | D:5      | Reached skill level 5 in Fighting
  7396 | D:6      | Noticed Grinder
  7407 | D:6      | Paralysed by Grinder for 6 turns
  7416 | D:6      | Killed Grinder
  7873 | D:6      | Found Vyitrud's Armour Emporium.
  7873 | D:6      | Found a staircase to the Ecumenical Temple.
  7878 | Temple   | Entered the Ecumenical Temple
  8029 | Temple   | Became a worshipper of Warmaster Okawaru
  8919 | D:6      | Noticed a troll
  8946 | D:6      | Slain by a troll

Illustrated notes

Levels and vault maps discovered:
D:1:      saegor_arrival_fortress, layout_basic,
          nicolae_concentric_dashed_squares_mild, hangedman_decor_push
D:2:      kb_forest_paths, layout_basic, basic_ecumenical_altar, basic_altar,
          uniq_terence
D:3:      layout_basic, kennysheep_generic_room_14
D:4:      layout_rooms, tgw_kikubaaqudgha, serial_glass, glass_columns_b,
          glass_columns_b, glass_columns_a, glass_columns_a, glass_columns_b,
          glass_columns_a, glass_columns_a, glass_columns_c,
          nicolae_ossuary_entry_catacombs
D:5:      layout_basic, guppyfry_shop_venom
D:6:      layout_basic, temple_statues, dk_noncrumbling_3,
          chequers_serial_rivers_room_a, hangedman_decor_slide_cut,
          nicolae_take_the_stairs, kennysheep_generic_room_7, uniq_grinder
Temple:   mainiacjoe_temple_cubbyholes

Skill      XL: |  1  2  3  4  5  6  7  8 |
---------------+-------------------------+-----
Axes           | 2 3 4 5 6 |  6.7
Armour         | 4 5 |  5.7
Fighting       | 4 5 |  5.3
Shields        | 4 |  4.6
Evocations     | 1 2 3 |  3.2
Stealth        | |  0.4
Invocations    | |  0.9

Action                   |  1- 3 |  4- 6 |  7- 9 || total
-------------------------+-------+-------+-------++-------
Melee: War axe           |   102 |   264 |   161 ||   527
  Use: Scroll            |       |    10 |    10 ||    20
       Potion            |       |       |     1 ||     1
Armor: Scale mail        |    62 |   132 |   118 ||   312
Dodge: Dodged            |    52 |   107 |    73 ||   232
Block: Buckler           |    21 |    67 |    33 ||   121

Table legend: (Time is in decaauts)
 A = Elapsed time spent in this place.
 B = Non-inter-level travel time spent in this place.
 C = Inter-level travel time spent in this place.
 D = Time resting spent in this place.
 E = Time spent auto-exploring this place.
 F = Levels seen in this place.
 G = Mean time per level.
                   A        B        C        D        E       F      G
               +--------+--------+--------+--------+--------+-----+--------+
         Total |   9123 |   9047 |     76 |   2236 |   5118 |   8 | 1140.4 |
       Dungeon |   8031 |   7985 |     46 |   1902 |   4792 |   6 | 1338.5 |
        Temple |    215 |    185 |     30 |      0 |    143 |   1 |  215.0 |
       Ossuary |    876 |    876 |      0 |    334 |    183 |   1 |  876.0 |
               +--------+--------+--------+--------+--------+-----+--------+

Top non-repeatable levels by time:
     D:3: 1892 daAuts
     D:6: 1380 daAuts
     D:5: 1351 daAuts
     D:1: 1260 daAuts
     D:2: 1145 daAuts
     D:4: 1000 daAuts
 Ossuary: 876 daAuts
  Temple: 215 daAuts
